 Dungeon Crawl Stone Soup version 0.26-a0-20-g5f92b90fa0 (webtiles) character file.

Game seed: 6346940322966337138, levelgen mode: deterministic

122 MisterFreud the Slasher (level 5, -9/37 HPs)
             Began as an Octopode Gladiator on May 25, 2020.
             Killed by nerve-wracking pain
             ... invoked by Grinder
              (13 damage)
             ... on level 3 of the Dungeon.
             The game lasted 00:02:19 (1262 turns).

MisterFreud the Slasher (Octopode Gladiator)        Turns: 1262, Time: 00:02:19

Health: -9/37      AC:  1    Str: 14    XL:     5   Next: 6%
Magic:  5/5        EV: 29    Int: 11    God:
Gold:   32         SH:  0    Dex: 13    Spells: 4/4 levels left

rFire    . . .     SeeInvis .   a - +1 long sword
rCold    . . .     Gourm    .   (no shield)
rNeg     . . .     Faith    .   b - +0 hat
rPois    .         Spirit   .   j - amulet of the acrobat
rElec    .         Reflect  .   (no ring)
rCorr    .         Harm     .   (no ring)
MR       .....                  (no ring)
Stlth    ++........             (no ring)
HPRegen  0.12/turn              (no ring)
MPRegen  0.09/turn              (no ring)
                                (no ring)
                                (no ring)

@: acrobat
A: almost no armour, stealthy swim, amphibious, 8 rings, constrict 8, camouflage
1, gelatinous body 1
a: no special abilities


You were on level 3 of the Dungeon.
You were not hungry.

You visited 1 branch of the dungeon, and saw 3 of its levels.

You collected 32 gold pieces.

Inventory:

Hand Weapons
 a - a +1 long sword (weapon)
Missiles
 c - 3 throwing nets (quivered)
 k - 4 javelins
 m - 3 boomerangs
Armour
 b - a +0 hat (worn)
Jewellery
 j - an amulet of the acrobat (around mantle)
Scrolls
 e - 3 scrolls of teleportation
Potions
 g - a potion of flight {unknown}
 h - a potion of brilliance {unknown}
 i - a potion of lignification {unknown}
 l - a potion of heal wounds {unknown}
Comestibles
 d - 4 rations
 f - 5 chunks of flesh


   Skills:
 - Level 4.0 Fighting
 + Level 4.3 Long Blades
 - Level 2.0 Throwing
 - Level 3.0 Dodging


You had 4 spell levels left.
You didn't know any spells.
Your spell library was empty.

Dungeon Overview and Level Annotations

Branches:
Dungeon (3/15)

Altars:
Dithmenos

Annotations:
D:2 Robin
D:3 Grinder


Innate Abilities, Weirdness & Mutations

You cannot wear most types of armour.
You are very stealthy in the water. (Stealth+)
You are amphibious.
You can wear up to eight rings at the same time.
You can use your tentacles to constrict eight enemies at once.
Your skin changes colour to match your surroundings (Stealth+).
Your rubbery body absorbs attacks. (AC +1, EV +1)


Message History

Pain shoots through your body!
You are too injured to fight recklessly!
You are too injured to fight recklessly!
You slash Grinder!
Grinder is moderately wounded.
You constrict Grinder. Grinder misses you.
You hit Grinder.
Grinder is moderately wounded.
You constrict Grinder. Grinder hits you.
You writhe in agony.
You barely miss Grinder.
Grinder is moderately wounded.
You constrict Grinder. Grinder hits you.
* * * LOW HITPOINT WARNING * * *
You writhe in agony.
* * * LOW HITPOINT WARNING * * *
Unknown command.
You constrict Grinder. Grinder gestures at you. Pain shoots through your body!
You die...

............... #..
..........#
.#..#.........#
#.#!..........#
.....#........# #.
##.........?.!# #.
...#..5..(....# #.#
#...#@#.# #.# #.#
#..#...#.###.###.#
#.......)†........##
.....(..#†#........#
####.#...#.##).###.##
......#.###..##.#.## #
........).......###.###
.#..#...........##
##...
.#...#.#####....###.###


You could see Grinder.

Vanquished Creatures
  A bullfrog (D:3)
  A gnoll (D:3)
  An adder (D:3)
  2 leopard geckos (D:3)
  An orc (D:3)
  A giant cockroach (D:3)
  4 goblins
  3 hobgoblins
  4 jackals (D:1)
  5 bats
  2 frilled lizards (D:3)
  6 kobolds
  4 rats (D:1)
35 creatures vanquished.

Notes
Turn   | Place    | Note
-------+----------+-------------------------------------------
     0 | D:1      | MisterFreud the Octopode Gladiator began the quest for the
                  | Orb.
     0 | D:1      | Reached XP level 1. HP: 14/14 MP: 1/1
   388 | D:1      | Reached XP level 2. HP: 20/20 MP: 2/2
   861 | D:2      | Found a shadowy altar of Dithmenos.
   928 | D:2      | Noticed an ogre
   976 | D:2      | Noticed Robin
   987 | D:3      | Reached XP level 3. HP: 13/26 MP: 3/3
  1235 | D:3      | Noticed Grinder
  1237 | D:3      | Noticed a bullfrog
  1245 | D:3      | Killed a bullfrog
  1245 | D:3      | Reached XP level 4. HP: 25/33 MP: 4/4
  1251 | D:3      | Reached XP level 5. HP: 25/37 MP: 5/5
  1262 | D:3      | Killed from afar by Grinder

Illustrated notes

Levels and vault maps discovered:
D:1:      lemuel_arrival_rhombus, layout_basic
D:2:      layout_loops_ring, lemuel_crystal_altar,
          nicolae_overflow_crystal_walls, kennysheep_generic_room_14,
          uniq_sigmund, uniq_robin
D:3:      layout_loops_ring, gup_sewer_entry_pipe, first_ration,
          minmay_increasing_density, uniq_grinder

Skill      XL: |  1  2  3 |
---------------+----------+-----
Fighting       | 3 4 |  4.0
Long Blades    | 4 |  4.3
Throwing       | |  2.0
Dodging        | |  3.0

Action                   |  1- 3 |  4- 6 || total
-------------------------+-------+-------++-------
Melee: Long sword        |    50 |     9 ||    59
       Constrict         |    22 |     4 ||    26
       Tentacles         |    13 |     2 ||    15
  Use: Scroll            |     3 |       ||     3
 Stab: Sleeping          |     6 |       ||     6
  Eat: Chunk             |     1 |       ||     1
Armor: Skin              |     2 |     1 ||     3
Dodge: Dodged            |    60 |    11 ||    71
       Rpst.: Long sword |    23 |     3 ||    26

Table legend:
 A = Non-vault XP
 B = Vault XP
 C = Vault XP percentage of total XP
 D = Non-vault monster count
 E = Vault monster count
 F = Vault count percentage of total count
                 A         B        C        D         E       F
            +---------+---------+-------+---------+---------+-------
      Total |      58 |     117 |  66.9 |      30 |       5 |  14.3
            +---------+---------+-------+---------+---------+-------
        D:1 |      26 |       0 |   0.0 |      18 |       0 |   0.0
        D:2 |       6 |       0 |   0.0 |       4 |       0 |   0.0
        D:3 |      26 |     117 |  81.8 |       8 |       5 |  38.5
            +---------+---------+-------+---------+---------+-------
